 Dungeon Crawl Stone Soup version 0.28-a0-821-g923ab73998 (webtiles) character file.

Game seed: 18227499032849157817

4501 Glokmah the Cutter (level 10, -1/86 HPs)
             Began as a Green Draconian Monk on Nov 9, 2021.
             Was the Champion of Wu Jian.
             Slain by a yak (14 damage)
             ... on level 8 of the Dungeon.
             The game lasted 00:21:15 (6651 turns).

Glokmah the Cutter (Green Draconian Monk)           Turns: 6651, Time: 00:21:17

Health: -1/86      AC:  2    Str: 14    XL:     10   Next: 16%
Magic:  11/15      EV: 23    Int: 10    God:    Wu Jian [******]
Gold:   312        SH:  0    Dex: 22    Spells: 11/16 levels left

rFire   . . .      SeeInvis .   (weapon currently unavailable)
rCold   . . .      Faith    .   (shield currently unavailable)
rNeg    . . .      Spirit   .   (armour unavailable)
rPois   x          Reflect  .   (helmet currently unavailable)
rElec   .          Harm     .   (cloak currently unavailable)
rCorr   .          Rampage  .   (gloves currently unavailable)
Will    .....                   (boots currently unavailable)
Stlth   +++.......              i - amulet of regeneration
HPRegen 1.24/turn               c - ring of flight
MPRegen 0.14/turn               (no ring)

@: spider-form (expiring), wereblooded, flying
A: venomous fangs, (breathe noxious fumes), AC +7, tiny, unfitting armour,
(poison resistance), (cold-blooded)
a: End Transformation, Renounce Religion, Wall Jump, Serpent's Lash, Heavenly
Storm


You were on level 8 of the Dungeon.
You worshipped Wu Jian.
Wu Jian was exalted by your worship.
You were a venomous arachnid creature.
You visited 1 branch of the dungeon, and saw 8 of its levels.
You also visited: Ossuary.

You collected 312 gold pieces.

Inventory:

Hand Weapons
 a - a +2 vampiric short sword (melded)
Missiles
 e - 10 poisoned darts (quivered)
 u - 2 curare-tipped darts
Armour
 m - a +1 cloak (melded)
 p - a +0 pair of gloves (melded)
Jewellery
 c - a ring of flight (left front leg)
 i - an amulet of regeneration (around neck)
 j - an amulet of magic regeneration
Wands
 h - a wand of polymorph (16)
 o - a wand of paralysis (7)
 r - a wand of acid (8)
 E - a wand of iceblast (10)
Scrolls
 l - 4 scrolls of teleportation
 s - a scroll of fog {unknown}
 t - 2 scrolls of amnesia
 w - 2 scrolls of holy word
 x - a scroll of enchant weapon {unknown}
 y - a scroll of enchant armour
 B - a scroll of silence {unknown}
 C - 2 scrolls of immolation
 D - a scroll of summoning {unknown}
 F - a scroll of identify
Potions
 b - 3 potions of degeneration
 d - 2 potions of attraction
 f - a potion of lignification
 g - a potion of heal wounds {unknown}
 k - 2 potions of cancellation {unknown}
 n - 2 potions of might
 q - 4 potions of ambrosia {unknown}
 v - 6 potions of curing
 z - a potion of haste {unknown}
 A - a potion of berserk rage {unknown}


   Skills:
 + Level 7.2 Fighting
 * Level 7.6 Short Blades
 - Level 3.3 Polearms
 - Level 5.0 Dodging
 * Level 5.0 Stealth
 + Level 3.8 Spellcasting
 * Level 7.0 Transmutations
 + Level 3.6 Poison Magic


You had 11 spell levels left.
You knew the following spells:

 Your Spells              Type           Power      Damage    Failure   Level
a - Wereblood             Tmut           16%        N/A       9%          2
b - Spider Form           Tmut/Pois      12%        N/A       22%         3

Your spell library contained the following spells:

 Spells                   Type           Power      Damage    Failure   Level
 Apportation              Tloc           2%         N/A       47%         1
 Ensorcelled Hibernation  Hex/Ice        2%         N/A       58%         2
 Sublimation of Blood     Necr           1%         N/A       58%         2
 Alistair's Intoxication  Tmut/Pois      8%         N/A       82%         5
 Borgnjor's Vile Clutch   Necr/Erth      0%         N/A       100%        5
 Eringya's Noxious Bog    Tmut/Pois      6%         N/A       100%        6
 Invisibility             Hex            0%         N/A       100%        6
 Summon Hydra             Summ           0%         N/A       100%        7


Dungeon Overview and Level Annotations

Branches:
Dungeon (8/15)             Temple (0/1) D:5         Ossuary (visited)
   Lair: D:8-11

Altars:
Wu Jian
Yredelemnul
Zin
The Shining One

Shops:
D:2 !   D:8 [


Innate Abilities, Weirdness & Mutations

You are a venomous arachnid creature.
You have poisonous fangs.
You are tiny and dextrous.
Your spellcasting is less reliable in this form.
Your armour is entirely melded.
You are incapable of wielding weapons or throwing items.
((You can breathe blasts of noxious fumes.))
((Your lurid green scales are hard. (AC +7)))
You cannot fit into any form of body armour.
((Your system is resistant to poisons. (rPois)))
((You are cold-blooded and may be slowed by cold attacks.))


Message History

You spin and attack the yak.
You hit the yak.
The yak is severely wounded.
You spin and attack the yak.
You hit the yak but do no damage.
The yak is poisoned.
The yak closely misses you.
You spin and attack the yak.
You hit the yak but do no damage.
The yak is poisoned.
The yak is heavily wounded.
You spin and attack the yak.
You hit the yak but do no damage.
The yak looks as sick as possible!
The yak is lightly wounded.
The yak closely misses you. The yak completely misses you.
You spin and attack the yak.
You hit the yak but do no damage.
The yak looks as sick as possible!
The yak is heavily wounded.
The yak gores you but does no damage.
You spin and attack the yak.
You hit the yak but do no damage.
The yak looks as sick as possible!
The yak is heavily wounded.
Your transformation is almost over.
The yak closely misses you.
You spin and attack the yak.
You completely miss the yak.
The yak is moderately wounded.
You spin and attack the yak.
You hit the yak but do no damage.
The yak is almost dead.
The yak misses you.
You hit the yak but do no damage.
The yak is heavily wounded.
The yak gores you!
* * * LOW HITPOINT WARNING * * *
The yak gores you!
* * * LOW HITPOINT WARNING * * *
The yak closely misses you. The yak gores you.
* * * LOW HITPOINT WARNING * * *
You spin and attack the yak.
You hit the yak.
You feel a bit better.
You kill the yak!
The Council accepts your kill.
You spin and attack the yak.
You hit the yak.
The yak is severely wounded.
The yak gores you!
You die...

#.... #.... ....
... .. ###
#.######### #...
..####.#†......#
....
.........sY....#
.....
..####.#.Y.....#
.....
#.#[.Y....#
....#
#.#.......#
....####
.....####.###
....... .....
#.# .....#
...... #.## .#
.....# ######
#..# . .....#
##.# .#


You could see 3 yaks.

Vanquished Creatures
  A hornet (D:7)
  2 yaks (D:8)
  Eustachio (D:4)
  Menkaure (Ossuary)
  4 water moccasins
  An ice beast (D:5)
  4 sky beasts
  2 black bears (D:5)
  4 necrophages (D:6)
  3 ogres
  5 centaurs
  3 bullfrogs
  3 kobold brigands
  2 wyvern zombies (D:7)
  A wyvern skeleton (D:6)
  A water moccasin zombie (D:5)
  6 wights (D:6)
  4 hounds
  A jelly (D:3)
  Crazy Yiuf (D:6)
  A centaur zombie (D:7)
  A human zombie (D:6)
  An orc priest (D:6)
  A centaur skeleton (D:6)
  A gnoll shaman (D:7)
  An iguana (D:6)
  Terence (D:1)
  A scorpion zombie (D:5)
  10 orc wizards
  5 mummies
  7 gnolls
  4 adders
  2 shadow imps (D:7)
  An ufetubus (D:6)
  An adder skeleton (D:5)
  A worm (D:3)
  4 dart slugs
  16 orcs
  5 ball pythons
  6 bats
  8 endoplasms
  4 giant cockroaches
  3 gnoll zombies (Ossuary)
  7 goblins
  8 hobgoblins
  6 jackals
  3 quokkas
  2 frilled lizards
  5 gnoll skeletons (Ossuary)
  7 goblin skeletons (Ossuary)
  2 goblin zombies (Ossuary)
  4 hobgoblin skeletons (Ossuary)
  6 hobgoblin zombies (Ossuary)
  17 kobolds
  6 kobold zombies (Ossuary)
  3 orc skeletons (Ossuary)
  2 orc zombies (Ossuary)
  7 rats
  6 rat skeletons (Ossuary)
  6 rat zombies (Ossuary)
232 creatures vanquished.

Notes
Turn   | Place    | Note
-------+----------+-------------------------------------------
     0 | D:1      | Glokmah the Draconian Monk began the quest for the Orb.
     0 | D:1      | Reached XP level 1. HP: 19/19 MP: 1/1
   217 | D:1      | Reached XP level 2. HP: 24/26 MP: 2/2
   350 | D:1      | Found a faded altar of an unknown god.
   365 | D:1      | Prayed at the altar of an unknown god.
   365 | D:1      | Became a worshipper of the Wu Jian Council
   365 | D:1      | Reached * piety under Wu Jian
   365 | D:1      | Reached ** piety under Wu Jian
   883 | D:1      | Reached *** piety under Wu Jian
  1095 | D:2      | Reached XP level 3. HP: 15/33 MP: 3/3
  1289 | D:2      | Learned a level 2 spell: Wereblood
  1512 | D:2      | Noticed Terence
  1574 | D:1      | Killed Terence
  1575 | D:1      | Reached skill level 1 in Short Blades
  1700 | D:2      | Reached XP level 4. HP: 40/40 MP: 4/4
  1793 | D:2      | Found Oge Huzi's Distillery.
  1908 | D:3      | Reached skill level 1 in Transmutations
  2072 | D:3      | Reached XP level 5. HP: 25/47 MP: 6/6
  2128 | D:3      | Reached skill level 1 in Spellcasting
  2201 | D:3      | Found an ornate altar of the Wu Jian Council.
  2375 | D:3      | Found a glowing silver altar of Zin.
  2405 | D:3      | Reached **** piety under Wu Jian
  3209 | D:4      | Noticed an ogre
  3256 | D:3      | Reached XP level 6. HP: 51/53 MP: 7/7
  3471 | D:5      | Entered Level 5 of the Dungeon
  3547 | D:5      | Noticed Eustachio
  3745 | D:4      | Killed Eustachio
  3781 | D:5      | Reached skill level 5 in Fighting
  3781 | D:5      | Your scales start taking on a lurid green colour.
  3781 | D:5      | Reached XP level 7. HP: 47/55 MP: 9/9
  3781 | D:5      | Gained mutation: Your system is resistant to poisons.
                  | (rPois) [Green Draconian growth]
  3867 | D:5      | Found a staircase to the Ecumenical Temple.
  3941 | D:5      | Reached XP level 8. HP: 69/69 MP: 11/11
  4123 | D:5      | Found a glowing golden altar of the Shining One.
  4285 | D:6      | Reached skill level 5 in Short Blades
  4432 | D:6      | Reached skill level 5 in Transmutations
  4530 | D:6      | Reached ***** piety under Wu Jian
  4616 | D:6      | Learned a level 3 spell: Spider Form
  4773 | D:6      | Identified the +3 robe of Koyfeonn {-Cast rElec Will+}
  4866 | D:6      | Reached XP level 9. HP: 56/73 MP: 13/13
  4873 | D:6      | Reached skill level 5 in Dodging
  4898 | D:6      | Reached skill level 1 in Poison Magic
  4899 | D:6      | Found a basalt altar of Yredelemnul.
  5056 | D:6      | Found a runed translucent door.
  5057 | D:6      | Noticed Crazy Yiuf
  5217 | D:6      | Killed Crazy Yiuf
  5561 | D:7      | Found a sand-covered staircase.
  5569 | Ossuary  | Entered an ossuary
  5846 | Ossuary  | Noticed Menkaure
  5857 | Ossuary  | Killed Menkaure
  6286 | D:8      | Reached XP level 10. HP: 86/86 MP: 15/15
  6423 | D:8      | Reached ****** piety under Wu Jian
  6513 | D:8      | Found Yze Inou's Armour Shop.
  6622 | D:8      | Reached skill level 5 in Stealth
  6651 | D:8      | Slain by a yak

Illustrated notes

Levels and vault maps discovered:
D:1:      psy_arrival_fountain, layout_basic, ebering_ecumenical_altar_ruins,
          hex_large
D:2:      layout_rooms, serial_shops, nicolae_shop_trees, uniq_terence
D:3:      layout_loops_ring, mainiacjoe_overflow_chevrons,
          nicolae_overflow_crystal_walls, serial_glass, glass_columns_a,
          glass_columns_a, glass_columns_c, glass_columns_b, glass_columns_a,
          glass_columns_c, glass_columns_c, glass_columns_a, nrook_mini_vaults,
          saegor_snake_ambush
D:4:      layout_loops_cross, lightli_corner_chamber
D:5:      layout_rooms, tso_altar, minmay_temple_entry_trees, minmay_circle_x,
          uniq_eustachio
D:6:      layout_loops_cross, lemuel_mausoleum_altar_yredelemnul,
          uniq_crazy_yiuf_cottage
D:7:      layout_rooms, enter_ossuary_3, kennysheep_generic_room_5
D:8:      layout_basic, okawaru_altar_gauntlet_db, serial_shops,
          nicolae_shop_crystal, st_stairs_14

Skill      XL: |  1  2  3  4  5  6  7  8  9 10 |
---------------+-------------------------------+-----
Dodging        | 3 4 5 |  5.0
Fighting       | 4 5 6 7 |  7.2
Short Blades   | 1 2 3 4 6 7 |  7.6
Transmutations | 1 2 3 4 5 6 7 |  7.0
Spellcasting   | 1 2 3 |  3.8
Stealth        | 2 4 5 |  5.0
Poison Magic   | 3 |  3.6
Polearms       | |  3.3

Action                   |  1- 3 |  4- 6 |  7- 9 | 10-12 || total
-------------------------+-------+-------+-------+-------++-------
Melee: Spear             |    56 |       |       |       ||    56
       Tailslap          |    11 |    35 |   105 |     9 ||   160
       Short sword       |    90 |   274 |   566 |    83 ||  1013
       Unarmed           |       |       |    34 |    14 ||    48
 Cast: Wereblood         |       |       |    14 |     3 ||    17
       Spider Form       |       |       |     2 |     1 ||     3
Invok: Whirlwind         |    22 |    75 |    34 |    27 ||   158
       Lunge             |     7 |    18 |    49 |     3 ||    77
       Serpent's Lash    |       |     1 |       |       ||     1
 Abil: Breathe Noxious F |       |       |    14 |     3 ||    17
  Use: Scroll            |       |     7 |     4 |       ||    11
 Stab: Sleeping          |     5 |     3 |    10 |       ||    18
       Distracted        |       |     1 |       |       ||     1
       Confused          |       |       |    13 |     5 ||    18
Armor: Skin              |    41 |   104 |   175 |    32 ||   352
Dodge: Dodged            |    86 |   226 |   327 |    62 ||   701

Table legend: (Time is in decaauts)
 A = Elapsed time spent in this place.
 B = Non-inter-level travel time spent in this place.
 C = Inter-level travel time spent in this place.
 D = Time resting spent in this place.
 E = Time spent auto-exploring this place.
 F = Levels seen in this place.
 G = Mean time per level.
                   A        B        C        D        E       F      G
               +--------+--------+--------+--------+--------+-----+--------+
         Total |   6544 |   6167 |    377 |    340 |   3742 |   9 |  727.1 |
       Dungeon |   6184 |   5807 |    377 |    284 |   3699 |   8 |  773.0 |
       Ossuary |    359 |    359 |      0 |     56 |     43 |   1 |  359.0 |
               +--------+--------+--------+--------+--------+-----+--------+

Top non-repeatable levels by time:
     D:1: 1212 daAuts
     D:4: 995 daAuts
     D:6: 945 daAuts
     D:3: 812 daAuts
     D:2: 656 daAuts
     D:7: 611 daAuts
     D:5: 597 daAuts
 Ossuary: 359 daAuts
     D:8: 353 daAuts
